 Dungeon Crawl Stone Soup version 0.21.1-1-g345015f (webtiles) character file.

75 HammerPanzer the Skirmisher (level 4, -2/38 HPs)
             Began as a Demonspawn Berserker on Apr 2, 2018.
             Was a Believer of Trog.
             Slain by bmj180's ghost (8 damage)
             ... on level 3 of the Dungeon.
             The game lasted 00:04:25 (1587 turns).

HammerPanzer the Skirmisher (Demonspawn Berserker)  Turns: 1587, Time: 00:04:26

Health: -2/38      AC:  7    Str: 18    XL:     4   Next: 11%
Magic:  4/4        EV: 10    Int:  9    God:    Trog [**....]
Gold:   42         SH:  0    Dex: 12    Spells: 3/3 levels left

rFire    . . .     SeeInvis .   j - +2 rapier (freeze)
rCold    + . .     Gourm    .   (no shield)
rNeg     . . .     Faith    .   f - +0 scale mail
rPois    .         Spirit   .   i - +1 hat
rElec    .         Reflect  .   (no cloak)
rCorr    .         Harm     .   (no gloves)
MR       .....                  (no boots)
Stlth    ..........             (no amulet)
HPRegen  0.12/turn              (no ring)
MPRegen  0.09/turn              (no ring)

@: lethally poisoned (-2 -> -6), berserk cooldown, slowed, very slow
A: antennae 1, cold resistance 1
a: Berserk, Trog's Hand, Burn Spellbooks, Renounce Religion


You were on level 3 of the Dungeon.
You worshipped Trog.
Trog was pleased with you.
You were very hungry.

You visited 1 branch of the dungeon, and saw 3 of its levels.

You collected 42 gold pieces.

Inventory:

Hand Weapons
 j - a +2 rapier of freezing (weapon)
Armour
 f - a +0 scale mail (worn)
 i - a +1 hat (worn)
Scrolls
 a - a scroll of fog {unknown}
 d - a scroll of identify {unknown}
 g - a scroll of noise {unknown}
 h - a scroll of remove curse {unknown}
 k - a scroll of amnesia {unknown}
 m - a scroll of teleportation {unknown}
 n - a scroll of immolation {unknown}
 o - a scroll of fear {unknown}
Potions
 b - 2 potions of heal wounds {unknown}
 e - a potion of invisibility {unknown}
 l - a potion of cancellation {unknown}
Comestibles
 c - 5 rations
 p - 4 chunks of flesh


   Skills:
 + Level 4.4 Fighting
   Level 3.4 Long Blades
 - Level 1.7 Armour
 - Level 1.7 Dodging


You had 3 spell levels left.
You didn't know any spells.

Dungeon Overview and Level Annotations

Branches:
Dungeon (3/15)

Altars:

Annotations:
D:3 bmj180's ghost, amateur HOFi


Innate Abilities, Weirdness & Mutations

You have a pair of small antennae on your head.
Your flesh is cold resistant. (rC+)


Message History

You feel yourself slow down. Bmj180's ghost hits you.
You puncture bmj180's ghost! You freeze bmj180's ghost.
Bmj180's ghost is moderately damaged.
Bmj180's ghost barely misses you. The adder bites you but does no damage.
You hit bmj180's ghost but do no damage.
Bmj180's ghost is moderately damaged.
The adder bites you.
You are poisoned.
The adder poisons you! Bmj180's ghost hits you.
The adder bites you but does no damage. Bmj180's ghost hits you.
You hit bmj180's ghost. You freeze bmj180's ghost.
Bmj180's ghost is moderately damaged.
You feel sick. The adder bites you but does no damage. Bmj180's ghost hits you.
The adder bites you but does no damage. Bmj180's ghost hits you.
* * * LOW HITPOINT WARNING * * *
The adder bites you but does no damage.
You hit bmj180's ghost. You freeze bmj180's ghost.
Bmj180's ghost is moderately damaged.
You feel sick. The adder bites you but does no damage. Bmj180's ghost hits you!
You die...

# ..# ... ##########.#
###### #.......@S.###.
#....###.####..W......#
#.....#....[....####...
#........###%...### #
#.....#.#...).....#
#.......#.##....#.#
#.........##....#...
#....##.####....# ###
#....#### #....#


You could see bmj180's ghost and an adder.

Vanquished Creatures
  2 adders
  An ooze (D:2)
  2 dart slugs
  3 leopard geckos
  2 orcs
  4 bats
  4 giant cockroaches
  8 goblins
  4 hobgoblins (D:2)
  7 kobolds
  A ball python (D:2)
  2 frilled lizards
  4 rats
44 creatures vanquished.

Vanquished Creatures (others)
  A minotaur (D:1)
  A draconian (D:1)
  An octopode (D:1)
  A gargoyle (D:1)
  2 vine stalkers (D:1)
  A troll (D:1)
  A spriggan (D:1)
  2 dwarves (D:1)
  A mummy (D:1)
  An orc (D:1)
  6 tentacles (D:1)
18 creatures vanquished.

Grand Total: 62 creatures vanquished

Notes
Turn   | Place    | Note
-------+----------+-------------------------------------------
     0 | D:1      | HammerPanzer the Demonspawn Berserker began the quest for the Orb.
     0 | D:1      | Reached XP level 1. HP: 18/18 MP: 1/1
     0 | D:1      | Noticed a dwarf
     0 | D:1      | Noticed a gargoyle
     0 | D:1      | Noticed a vine stalker
     0 | D:1      | Noticed a vine stalker
     0 | D:1      | Noticed a troll
     0 | D:1      | Noticed a draconian
     0 | D:1      | Noticed a kraken
     0 | D:1      | Noticed a spriggan
     0 | D:1      | Noticed a minotaur
     0 | D:1      | Noticed an octopode
     0 | D:1      | Noticed a dwarf
     4 | D:1      | Killed a vine stalker
     6 | D:1      | Killed a vine stalker
     6 | D:1      | Killed a dwarf
     9 | D:1      | Killed a troll
     9 | D:1      | Killed an octopode
    12 | D:1      | Killed a gargoyle
    12 | D:1      | Killed a dwarf
    14 | D:1      | Killed a spriggan
    15 | D:1      | Killed a minotaur
    16 | D:1      | Killed a draconian
   232 | D:1      | Gained mutation: You have a pair of small antennae on your head. [demonic ancestry]
   232 | D:1      | Reached XP level 2. HP: 16/24 MP: 2/2
  1049 | D:2      | Reached XP level 3. HP: 29/29 MP: 3/3
  1053 | D:2      | Reached ** piety under Trog
  1150 | D:2      | Reached skill level 4 in Fighting
  1558 | D:3      | Gained mutation: Your flesh is cold resistant. (rC+) [demonic ancestry]
  1558 | D:3      | Reached XP level 4. HP: 29/38 MP: 4/4
  1578 | D:3      | Noticed bmj180's ghost (amateur HOFi)
  1587 | D:3      | Slain by bmj180's ghost

Skill      XL: |  1  2  3 |
---------------+----------+-----
Long Blades    | 3 |  3.4
Fighting       | 4 |  4.4
Armour         | |  1.7
Dodging        | |  1.7

Action                   |  1- 3 |  4- 6 || total
-------------------------+-------+-------++-------
Melee: Falchion          |    69 |       ||    69
       Rapier            |    51 |     7 ||    58
Invok: Berserk           |       |     1 ||     1
  Eat: Chunk             |     2 |       ||     2
Armor: Animal skin       |     7 |       ||     7
       Scale mail        |    36 |     7 ||    43
Dodge: Dodged            |    70 |     6 ||    76
       Rpst.: Falchion   |    19 |       ||    19
